 Dungeon Crawl Stone Soup version 0.27.1-33-g824d729ab1 (webtiles) character file.

Game seed: 16587719718154944598

96 CapHo the Skirmisher (level 4, 0/44 HPs)
             Began as a Hill Orc Fighter on Dec 29, 2021.
             Slain by Sigmund (7 damage)
             ... on level 3 of the Dungeon.
             The game lasted 00:04:04 (2118 turns).

CapHo the Skirmisher (Hill Orc Fighter)             Turns: 2118, Time: 00:04:05

Health: 0/44       AC: 11    Str: 19    XL:     4   Next: 67%
Magic:  4/4        EV:  3    Int:  8    God:
Gold:   146        SH:  9    Dex: 10    Spells: 3/3 levels left

rFire    . . .     SeeInvis .   a - +0 flail
rCold    . . .     Faith    .   c - +0 kite shield
rNeg     . . .     Spirit   .   e - +0 plate armour
rPois    .         Reflect  .   (no helmet)
rElec    .         Harm     .   (no cloak)
rCorr    .         Rampage  .   (no gloves)
Will     .....                  (no boots)
Stlth    ..........             (no amulet)
HPRegen  0.14/turn              o - ring of flight
MPRegen  0.09/turn              (no ring)

@: flying
A: no striking features
a: no special abilities


You were on level 3 of the Dungeon.
You visited 1 branch of the dungeon, and saw 3 of its levels.

You collected 146 gold pieces.

Inventory:

Hand Weapons
 a - a +0 flail (weapon)
Missiles
 i - 2 boomerangs (quivered)
Armour
 b - a +0 scale mail
 c - a +0 kite shield (worn)
 e - a +0 plate armour (worn)
Jewellery
 o - a ring of flight (left hand)
Scrolls
 g - 2 scrolls of teleportation {unknown}
 h - a scroll of holy word {unknown}
 l - a scroll of identify {unknown}
 p - a scroll of torment {unknown}
 q - a scroll of enchant weapon {unknown}
Potions
 d - a potion of might
 f - a potion of degeneration {unknown}
 j - a potion of heal wounds {unknown}
 k - a potion of brilliance {unknown}
 m - a potion of haste {unknown}
 n - a potion of magic {unknown}


   Skills:
 * Level 5.8 Fighting
 - Level 2.1 Maces & Flails
 + Level 1.6 Throwing
 - Level 3.2 Armour
 - Level 3.2 Shields


You had 3 spell levels left.
You didn't know any spells.
Your spell library contained the following spells:

 Spells                   Type           Power      Damage    Failure   Level
 Call Canine Familiar     Summ           0%         N/A       100%        3
 Portal Projectile        Hex/Tloc       0%         N/A       100%        3
 Leda's Liquefaction      Hex/Erth       0%         N/A       100%        4


Dungeon Overview and Level Annotations

Branches:
Dungeon (3/15)

Altars:

Annotations:
D:3 Sigmund


Message History

You closely miss something. Something hits you but does no damage.
You closely miss something. Something hits you but does no damage.
You closely miss something.
You hear some strange, mumbled words.
A puff of flame appears from out of thin air!
You block the puff of flame.
You miss something. Something hits you but does no damage.
You closely miss something. Something hits you.
You hit something but do no damage. Something hits you!
You hit something. Something hits you.
You miss something. Something hits you.
You miss something. You block something's attack.
You barely miss something.
You hear some strange, mumbled words.
A magic dart appears from out of thin air!
The magic dart hits you. Something hits you.
You sock something!
You hear some strange, mumbled words.
A puff of flame appears from out of thin air!
You block the puff of flame.
You miss something.
You hear some strange, mumbled words.
A magic dart appears from out of thin air!
The magic dart hits you.
You closely miss something. Something hits you.
* * * LOW HITPOINT WARNING * * *
You hit something.
You hear some strange, mumbled words.
Something tries to affect you, but you resist.
Something hits you but does no damage.
You closely miss something.
You hear some strange, mumbled words.
Something tries to affect you, but you resist.
You completely miss something.
You hear some strange, mumbled words.
A magic dart appears from out of thin air!
The magic dart hits you.
* * * LOW HITPOINT WARNING * * *
You hit something. Something hits you!
You die...

#.####....>.##.
...#####.# ##.#######.
.........###..........
...####..##.###.#####.
............# #.# #.
..#####.###.###.# #. #.#
##...######. #.#.#####.#
##.........
#.....{@..#####.########
....####........# # #
...#####.# ###.#
#.###### #.# #......#
#.# ######.# #.# #.# .#
#.# #.#


There were no monsters in sight!

Vanquished Creatures
  Ijyb (D:3)
  Terence (D:3)
  A worm (D:2)
  2 dart slugs
  3 ball pythons (D:1)
  3 endoplasms
  3 giant cockroaches
  4 goblins
  5 hobgoblins
  4 jackals (D:1)
  5 bats
  6 frilled lizards
  5 rats
43 creatures vanquished.

Notes
Turn   | Place    | Note
-------+----------+-------------------------------------------
     0 | D:1      | CapHo the Hill Orc Fighter began the quest for the Orb.
     0 | D:1      | Reached XP level 1. HP: 19/19 MP: 1/1
   141 | D:1      | Reached skill level 4 in Fighting
   213 | D:1      | Reached XP level 2. HP: 27/27 MP: 2/2
   555 | D:1      | Reached XP level 3. HP: 34/34 MP: 3/3
  1085 | D:2      | Reached skill level 5 in Fighting
  1149 | D:2      | Reached skill level 1 in Throwing
  1422 | D:2      | Found a faded altar of an unknown god.
  1610 | D:3      | Noticed Terence
  1624 | D:3      | Killed Terence
  1625 | D:3      | Reached XP level 4. HP: 35/42 MP: 4/4
  1699 | D:3      | Noticed Ijyb
  1764 | D:3      | Killed Ijyb
  2099 | D:3      | Noticed Sigmund
  2118 | D:3      | Slain by Sigmund

Illustrated notes

Levels and vault maps discovered:
D:1:      minmay_arrival_five_plusses, layout_loops_ring
D:2:      layout_rooms, basic_ecumenical_altar, chequers_serial_rivers_micro_e
D:3:      layout_loops_ring, uniq_sigmund, uniq_terence, uniq_ijyb

Skill      XL: |  1  2  3 |
---------------+----------+-----
Fighting       | 4 5 |  5.8
Throwing       | 1 |  1.6
Maces & Flails | |  2.1
Armour         | |  3.2
Shields        | |  3.2

Action                   |  1- 3 |  4- 6 || total
-------------------------+-------+-------++-------
Melee: Flail             |   113 |    40 ||   153
Armor: Plate armour      |    90 |    16 ||   106
       Skin              |       |     3 ||     3
Dodge: Dodged            |    18 |     5 ||    23
Block: Kite shield       |    50 |     8 ||    58
